 Dungeon Crawl Stone Soup version 0.31-a0-968-g24f9ace8b5 (webtiles) character file.

Game seed: 6994338671065535629

223 jasper the Conjurer (level 5, -2/28 HPs)
             Began as a Deep Elf Conjurer on Oct 28, 2023.
             Slain by Eustachio
             ... wielding a +0 rapier
              (7 damage)
             ... on level 4 of the Dungeon.
             The game lasted 00:03:14 (2810 turns).

jasper the Conjurer (Deep Elf Conjurer)             Turns: 2810, Time: 00:03:15

Health: -2/28      AC:  3    Str:  4    XL:     5   Next: 66%
Magic:  5/13       EV: 12    Int: 25    God:
Gold:   250        SH:  0    Dex: 13    Spells: 1/12 levels left

rFire   . . .        j - +0 rapier
rCold   . . .        (no shield)
rNeg    . . .        a - +1 robe
rPois   .            (no helmet)
rElec   .            (no cloak)
rCorr   .            (no gloves)
SInv    .            (no boots)
Will    .....        (no amulet)
Stlth   +            (no ring)
HPRegen 0.24/turn    (no ring)
MPRegen 0.13/turn

%: no passive effects
@: lit by a corona, glowing
A: no striking features
a: no special abilities


You were on level 4 of the Dungeon.
You visited 1 branch of the dungeon, and saw 4 of its levels.

You collected 250 gold pieces.

Inventory:

Hand Weapons
 g - a +0 short sword
 j - a +0 rapier (weapon)
Armour
 a - a +1 robe (worn)
Scrolls
 h - 2 scrolls of poison
 i - a scroll of vulnerability
Potions
 b - a potion of magic
 c - a potion of invisibility
 e - 2 potions of degeneration
 f - a potion of attraction
 l - a potion of haste {unknown}


   Skills:
 - Level 2.4 Dodging
 - Level 2.4 Stealth
 - Level 4.0 Spellcasting
 + Level 6.7 Conjurations
 + Level 3.2 Hexes


You had one spell level left.
You knew the following spells:

 Your Spells              Type           Power      Damage    Failure   Level
a - Magic Dart            Conj           100%       1d8       1%          1
b - Searing Ray           Conj           76%        2d7       1%          2
c - Fulminant Prism       Conj/Hex       15%        3d10      12%         4
d - Iskenderun's Mystic   Conj/Tloc      21%        2d6       22%         4

Your spell library contained the following spells:

 Spells                   Type           Power      Damage    Failure   Level
 Dazzling Flash           Conj/Hex       60%        N/A       3%          3
 Frozen Ramparts          Ice            10%        1d2       26%         3
 Petrify                  Tmut/Erth      5%         N/A       65%         4
 Metabolic Englaciation   Hex/Ice        6%         N/A       78%         5


Dungeon Overview and Level Annotations

Branches:
Dungeon (4/15)
 Temple: D:4-7

Altars:
Dithmenos
Okawaru
Xom
Zin

Annotations:
D:4 Dowan, Edmund, Eustachio


Message History

Eustachio is lightly wounded.
The searing ray hits the iron imp.
The iron imp is moderately wounded.
Eustachio casts a spell.
You now have 10/13 mp.
The searing ray misses Eustachio.
The searing ray hits the iron imp.
The iron imp is severely wounded.
Eustachio closely misses you. The rat bites you.
You take 2 damage, and have 21/28 hp.
You now have 9/13 mp.
The searing ray hits Eustachio.
Eustachio is moderately wounded.
The searing ray hits the quasit.
The quasit is moderately wounded.
You finish channelling your searing ray.
Eustachio hits you with a +0 rapier. The rat bites you.
The iron imp barely misses you.
You take 5 damage, and have 16/28 hp.
You now have 8/13 mp.
Casting: Searing Ray (safe; 1% risk of failure)
Confirm with . or Enter, or press ? or * to list all spells.
Aiming: Searing Ray (safe; 1% risk of failure)
Press: ? - help, Shift-Dir - straight line, f/p - Eustachio
Aim: Eustachio, wielding a +0 rapier and wearing a +0 leather armour (moderately wounded, 73% to hit)
The searing ray hits Eustachio!
Eustachio is heavily wounded.
The searing ray hits the quasit.
The quasit is heavily wounded. (Press . to maintain the ray.) Eustachio hits you with a +0 rapier.
The rat bites you.
You take 3 damage, and have 13/28 hp.
You now have 6/13 mp.
The searing ray misses Eustachio.
The quasit bites you but does no damage.
The quasit barely misses you. The quasit closely misses you.
The iron imp hits you.
* * * LOW HITPOINT WARNING * * *
The quasit bites you.
* * * LOW HITPOINT WARNING * * *
The quasit claws you but does no damage.
The quasit misses you. Eustachio hits you with a +0 rapier!
You die...
Eustachio says, "Such is the fate of all honourless rascals."

... ....... .#.
.........
....... #...#.#
# #...#.#
#.#.....#
#.#.....#
#....@r.#
#####.5@5.#
......#...#
#####..$###
##..# #..# #..#
########..######
#...............


You could see Eustachio, an iron imp (summoned), a quasit (summoned) and a rat
(summoned).

Vanquished Creatures
  2 scorpions (D:3)
  2 adders (D:2)
  3 gnolls (D:2)
  A worm (D:3)
  2 dart slugs (D:1)
  6 endoplasms
  5 goblins
  4 hobgoblins
  8 kobolds
  A quokka (D:2)
  8 ball pythons
  2 bats
  2 frilled lizards (D:1)
  4 rats
  A spectral goblin (D:2)
51 creatures vanquished.

Notes
Turn   | Place    | Note
-------+----------+-------------------------------------------
     0 | D:1      | jasper the Deep Elf Conjurer began the quest for the Orb.
     0 | D:1      | Reached XP level 1. HP: 10/10 MP: 6/6
   290 | D:1      | Reached XP level 2. HP: 13/15 MP: 3/8
   293 | D:1      | Learned a level 2 spell: Searing Ray
  1217 | D:2      | Reached skill level 5 in Conjurations
  1253 | D:2      | Reached XP level 3. HP: 19/19 MP: 8/10
  1644 | D:2      | Found a shadowy altar of Dithmenos.
  1660 | D:2      | Reached XP level 4. HP: 24/24 MP: 8/12
  1665 | D:2      | Reached skill level 6 in Conjurations
  1671 | D:2      | Learned a level 4 spell: Fulminant Prism
  1676 | D:2      | Learned a level 4 spell: Iskenderun's Mystic Blast
  1882 | D:2      | Found a faded altar of an unknown god.
  2220 | D:3      | Found an iron altar of Okawaru.
  2259 | D:3      | Noticed a scorpion
  2266 | D:3      | Killed a scorpion
  2267 | D:3      | Reached XP level 5. HP: 20/28 MP: 7/13
  2400 | D:3      | Found a shimmering altar of Xom.
  2786 | D:4      | Found a glowing silver altar of Zin.
  2787 | D:4      | Noticed Dowan
  2791 | D:4      | Noticed Edmund
  2801 | D:4      | Noticed Eustachio
  2810 | D:4      | Slain by Eustachio

Illustrated notes

Levels and vault maps discovered:
D:1:      minmay_arrival_four_circles, layout_basic
D:2:      layout_basic, basic_altar, dreamdust_ecumenical_altar_drowned_temple,
          minmay_splitting_lines, fountainhead
D:3:      layout_rooms, lemuel_doored_altar, okawaru_gym_becter,
          minmay_crystal_water, hex_large
D:4:      layout_loops_ring, mainiacjoe_overflow_small_starburst,
          uniq_eustachio, uniq_edmund, uniq_duvessa

Skill      XL: |  1  2  3  4  5 |
---------------+----------------+-----
Spellcasting   | 4 |  4.0
Conjurations   | 5 6 |  6.7
Hexes          | 2 3 |  3.2
Dodging        | |  2.4
Stealth        | |  2.4

Action                     |  1- 3 |  4- 6 || total
---------------------------+-------+-------++-------
  Melee: Unarmed           |     8 |       ||     8
         Punch             |     1 |       ||     1
   Cast: Magic Dart        |    55 |    29 ||    84
         Searing Ray       |     1 |     6 ||     7
    Use: Scroll            |     3 |     6 ||     9
         Potion            |     1 |       ||     1
 Armour: Robe              |     4 |    12 ||    16
         Skin              |    16 |       ||    16
  Dodge: Dodged            |     4 |     7 ||    11

Table legend: (Time is in decaauts)
 A = Elapsed time spent in this place.
 B = Non-inter-level travel time spent in this place.
 C = Inter-level travel time spent in this place.
 D = Time resting spent in this place.
 E = Time spent auto-exploring this place.
 F = Levels seen in this place.
 G = Mean time per level.
                   A        B        C        D        E       F      G
               +--------+--------+--------+--------+--------+-----+--------+
         Total |   2812 |   2735 |     77 |    104 |   2364 |   4 |  703.0 |
       Dungeon |   2812 |   2735 |     77 |    104 |   2364 |   4 |  703.0 |
               +--------+--------+--------+--------+--------+-----+--------+

Top non-repeatable levels by time:
     D:1: 1097 daAuts
     D:2: 961 daAuts
     D:3: 616 daAuts
     D:4: 136 daAuts
